 Dungeon Crawl Stone Soup version 0.27.1-33-g824d729ab1 (webtiles) character file.

Game seed: 14911368174789701804

41 sking99 the Insei (level 3, 0/26 HPs)
             Began as a Merfolk Transmuter on Dec 8, 2021.
             Slain by a worm (11 damage)
             ... on level 2 of the Dungeon.
             The game lasted 00:02:56 (2032 turns).

sking99 the Insei (Merfolk Transmuter)              Turns: 2032, Time: 00:02:56

Health: 0/26       AC:  2    Str: 10    XL:     3   Next: 52%
Magic:  6/6        EV: 12    Int: 13    God:
Gold:   78         SH:  0    Dex: 14    Spells: 0/6 levels left

rFire    . . .     SeeInvis .     - Unarmed
rCold    . . .     Faith    .   (no shield)
rNeg     . . .     Spirit   .   a - +0 robe
rPois    .         Reflect  .   (no helmet)
rElec    .         Harm     .   (no cloak)
rCorr    .         Rampage  .   (no gloves)
Will     .....                  (no boots)
Stlth    +.........             (no amulet)
HPRegen  0.08/turn              (no ring)
MPRegen  0.10/turn              (no ring)

@: no status effects
A: (nimble swimmer 2), mertail
a: no special abilities


You were on level 2 of the Dungeon.
You visited 1 branch of the dungeon, and saw 2 of its levels.

You collected 78 gold pieces.

Inventory:

Armour
 a - a +0 robe (worn)
Scrolls
 b - a scroll of enchant weapon {unknown}
 e - 2 scrolls of teleportation {unknown}
Potions
 c - a potion of brilliance {unknown}
 d - a potion of attraction {unknown}
 f - 2 potions of haste {unknown}
 g - a potion of invisibility {unknown}


   Skills:
 - Level 1.4 Fighting
 - Level 2.6 Dodging
 - Level 4.2 Unarmed Combat
 + Level 2.0 Spellcasting
 * Level 3.3 Transmutations
 + Level 0.4 Poison Magic


You couldn't memorise any spells.
You knew the following spells:

 Your Spells              Type           Power      Damage    Failure   Level
a - Beastly Appendage     Tmut           20%        N/A       6%          1
b - Wereblood             Tmut           10%        N/A       10%         2
c - Spider Form           Tmut/Pois      3%         N/A       34%         3

Your spell library contained the following spells:

 Spells                   Type           Power      Damage    Failure   Level
 Ignite Poison            Fire/Tmut/Pois 4%         N/A       41%         3
 Conjure Flame            Conj/Fire      1%         6-21      58%         3
 Ice Form                 Ice/Tmut       5%         N/A       77%         4
 Sticky Flame             Conj/Fire      1%         2d3       94%         4


Dungeon Overview and Level Annotations

Branches:
Dungeon (2/15)

Altars:


Innate Abilities, Weirdness & Mutations

((You are quick and stealthy near water. (Stealth+, EV+, Speed+++)))
Your lower body shifts to a powerful aquatic tail in water.


Message History

A rat comes into view.
You see here 15 gold pieces.
A rat is nearby!
The rat twitches its whiskers.
You closely miss the rat. The rat bites you.
You closely miss the rat. The rat barely misses you.
You hit the rat.
You kill the rat!
You see here a rat corpse.
You now have 78 gold pieces (gained 15).
You start resting.
HP restored.
A giant cockroach comes into view.
A giant cockroach is nearby!
You hit the giant cockroach.
The giant cockroach is moderately wounded.
The giant cockroach bites you but does no damage.
You hit the giant cockroach.
You kill the giant cockroach!
You see here a giant cockroach corpse.
You open the door.
A worm comes into view.
There is an open door here.
The worm bites you!
You hit the worm.
The worm is lightly wounded.
You hit the worm.
The worm is heavily wounded.
The worm misses you.
You hit the worm.
The worm is severely wounded.
You hit the worm.
The worm is severely wounded.
The worm bites you!
You hit the worm.
The worm is severely wounded.
You hit the worm but do no damage.
The worm is severely wounded.
The worm bites you!
You die...

#.# #.#.#.#########.......
###.###.#.#.### #.######
#........†....# #.#
###.#.##....#.#.## #.#
#.....#.....#..#.## #.#
#.###.........###.#####.######
### #############†##..........
#..'...####..##### #@##...#
##.# #w.#...## #.#
#.##...######.#
..#...###<....# ..##...#
####### #.. ...## ####...#
...## #...


You could see a worm.

Vanquished Creatures
  An adder (D:2)
  A worm (D:2)
  A dart slug (D:1)
  2 endoplasms (D:1)
  5 giant cockroaches
  2 goblins
  2 kobolds (D:1)
  3 quokkas (D:1)
  2 ball pythons
  A bat (D:1)
  A frilled lizard (D:1)
  5 rats
26 creatures vanquished.

Notes
Turn   | Place    | Note
-------+----------+-------------------------------------------
     0 | D:1      | sking99 the Merfolk Transmuter began the quest for the Orb.
     0 | D:1      | Reached XP level 1. HP: 15/15 MP: 3/3
   541 | D:1      | Reached XP level 2. HP: 21/21 MP: 5/5
   546 | D:1      | Learned a level 2 spell: Wereblood
   729 | D:1      | Reached skill level 4 in Unarmed Combat
  1423 | D:2      | Reached XP level 3. HP: 20/26 MP: 6/6
  1501 | D:2      | Learned a level 3 spell: Spider Form
  2032 | D:2      | Slain by a worm

Illustrated notes

Levels and vault maps discovered:
D:1:      heliophobic_arrival_dark_side_of_the_moon, layout_basic
D:2:      minmay_razor_zed, layout_loops_ring, kennysheep_generic_room_8

Skill      XL: |  1  2 |
---------------+-------+-----
Transmutations | 3 |  3.3
Unarmed Combat | 4 |  4.2
Fighting       | |  1.4
Dodging        | |  2.6
Spellcasting   | |  2.0
Poison Magic   | |  0.4

Action                   || total
-------------------------++-------
Melee: Unarmed           ||   104
       Headbutt          ||     6
       Punch             ||     2
 Cast: Beastly Appendage ||     5
 Stab: Sleeping          ||     4
Armor: Robe              ||    18
Dodge: Dodged            ||    53
